Map: Dusk Towers

Players

llllllllllll

  • Race: Protoss Protoss
  • League: Grandmaster

State - Winner!

  • Race: Protoss Protoss
  • League: Grandmaster

VOD

https://www.youtube.com/watch?v=uHqD_9-LULQ

Description

Time

  • Played on: Dec. 22, 2015, 7:36 p.m.
  • Length: 11:49
Show
View Real Time Build Order
Export as new Build Order

llllllllllll Protoss 

Build Orders: 1 Gate Expand 

Get SALT Encoding   

  12  0:01  Probe (Chrono Boost)  
  13  0:11  Probe (Chrono Boost)  
  14  0:18  Pylon  
  14  0:22  Probe (Chrono Boost)  
  15  0:36  Gateway, Probe (Chrono Boost)  
  15  0:42  Assimilator  
  16  0:47  Probe (Chrono Boost)  
  17  0:57  Probe (Chrono Boost)  
  18  1:08  Probe (Chrono Boost)  
  19  1:18  Nexus  
  19  1:20  Probe (Chrono Boost)  
  20  1:30  Cybernetics Core  
  20  1:33  Probe (Chrono Boost)  
  20  1:38  Assimilator  
  21  1:44  Probe (Chrono Boost)  
  22  1:49  Pylon  
  22  1:54  Probe (Chrono Boost)  
  23  2:06  Warp Gate  
  23  2:07  Probe, Adept (Chrono Boost)  
  26  2:19  Mothership Core (Chrono Boost)  
  28  2:31  Probe (Chrono Boost)  
  28  2:34  Adept  
  31  2:39  Robotics Facility  
  31  2:40  Probe (Chrono Boost)  
  31  2:42  Probe (Chrono Boost)  
  33  2:50  Probe (Chrono Boost)  
  34  2:53  Probe (Chrono Boost)  
  35  3:01  Probe (Chrono Boost)  
  35  3:03  Probe (Chrono Boost)  
  35  3:05  Stalker  
  39  3:12  Probe (Chrono Boost)  
  40  3:14  Probe (Chrono Boost)  
  40  3:23  Probe (Chrono Boost)  
  40  3:24  Probe (Chrono Boost)  
  42  3:33  Probe (Chrono Boost)  
  43  3:35  Probe (Chrono Boost)  
  43  3:38  Pylon  
  42  3:44  Probe (Chrono Boost), Observer  
  42  3:45  Probe (Chrono Boost), Twilight Council  
  42  3:46  Gateway  
  45  3:50  Pylon  
  45  3:54  Probe (Chrono Boost)  
  46  3:58  Probe (Chrono Boost)  
  47  4:05  Nexus  
  47  4:07  Probe (Chrono Boost)  
  47  4:09  Probe (Chrono Boost)  
  49  4:12  Warp Prism  
  51  4:17  Probe (Chrono Boost)  
  51  4:19  Probe (Chrono Boost)  
  51  4:24  Blink (Chrono Boost)  
  53  4:27  Assimilator  
  53  4:31  Assimilator  
  53  4:32  Probe x2  
  55  4:45  Stalker x2, Observer  
  60  4:52  Gateway  
  60  4:53  Gateway  
  60  4:54  Probe x2  
  60  4:58  Pylon  
  62  5:10  Pylon  
  62  5:15  Probe  
  62  5:16  Probe x2  
  62  5:17  Adept x2  
  69  5:25  Probe  
  69  5:28  Probe x2  
  72  5:29  Pylon  
  72  5:31  Pylon  
  71  5:37  Probe  
  71  5:40  Probe  
  71  5:41  Forge  
  73  5:43  Gateway  
  73  5:44  Adept x2  
  73  5:46  Gateway  
  77  5:53  Probe  
  77  5:54  Probe x2  
  80  6:06  Probe  
  80  6:07  Stalker x3, Probe x2  
  80  6:09  Assimilator  
  80  6:11  Protoss Ground Weapons Level 1 (Chrono Boost)  
  85  6:15  Assimilator  
  85  6:16  Probe  
  86  6:20  Dark Shrine  
  86  6:22  Probe x2  
  88  6:28  Pylon  
  88  6:31  Probe  
  89  6:34  Probe x2  
  89  6:39  Robotics Bay, Robotics Facility  
  91  6:41  Stalker  
  91  6:42  Stalker x3  
  91  6:46  Probe  
  100  6:50  Stalker  
  100  6:51  Stalker  
  104  6:54  Pylon  
  104  6:57  Pylon  
  104  6:58  Pylon  
  104  7:11  Stalker x2  
  108  7:20  Pylon  
  107  7:26  Photon Cannon  
  107  7:27  Stalker  
  107  7:28  Stalker x3, Disruptor (Chrono Boost)  
  107  7:29  Disruptor (Chrono Boost)  
  121  7:32  Gravitic Drive  
  121  7:52  Stalker x2, Dark Templar x4  
  121  7:56  Nexus  
  133  8:05  Protoss Ground Weapons Level 2  
  128  8:17  Probe x3, Disruptor (Chrono Boost)  
  128  8:18  Disruptor (Chrono Boost)  
  120  8:22  Stalker x2  
  121  8:35  Photon Cannon  
  121  8:38  Probe x2  
  123  8:42  Pylon  
  123  8:43  Pylon  
  123  8:44  Assimilator  
  123  8:50  Assimilator  
  113  9:01  Disruptor (Chrono Boost)  
  119  9:03  Pylon  
  119  9:05  Disruptor (Chrono Boost)  
  117  9:12  Probe  
  117  9:14  Probe x2  
  113  9:40  Probe, Nexus  
  113  9:42  Probe x2  
  116  9:56  Stalker x2  
  116  9:57  Stalker x3, Probe  
  127  10:03  Probe x2  
  129  10:10  Pylon  
  129  10:13  Observer Gravitic Boosters  
  130  10:14  Probe  
  130  10:16  Probe, Observer (Chrono Boost)  
  130  10:17  Probe  
  133  10:25  Probe  
  117  10:54  Stalker x2, Disruptor (Chrono Boost)  
  117  10:55  Stalker  
  126  10:58  Disruptor (Chrono Boost)  
  117  11:07  Stalker x3  
  95  11:19  Adept x3  
  70  11:34  Adept  
  70  11:35  Adept  
  71  11:40  Adept  
  71  11:41  Adept  
Show
View Real Time Build Order
Export as new Build Order

State Protoss - Winner!

Build Orders: 1 Gate Expand, Blink Stalkers 

Get SALT Encoding   

  12  0:01  Probe (Chrono Boost)  
  13  0:12  Probe (Chrono Boost)  
  14  0:18  Pylon  
  14  0:22  Probe (Chrono Boost)  
  15  0:37  Probe (Chrono Boost)  
  15  0:40  Gateway  
  16  0:44  Assimilator  
  16  0:47  Probe (Chrono Boost)  
  17  0:58  Probe (Chrono Boost)  
  18  1:08  Probe (Chrono Boost)  
  19  1:20  Nexus  
  19  1:22  Probe (Chrono Boost)  
  20  1:31  Cybernetics Core  
  20  1:34  Probe (Chrono Boost)  
  21  1:40  Assimilator  
  21  1:45  Probe (Chrono Boost)  
  22  1:49  Pylon  
  22  1:55  Probe (Chrono Boost)  
  24  2:10  Mothership Core (Chrono Boost)  
  24  2:12  Adept  
  27  2:22  Warp Gate  
  27  2:28  Probe (Chrono Boost)  
  28  2:33  Probe (Chrono Boost)  
  29  2:38  Twilight Council  
  29  2:39  Probe (Chrono Boost)  
  29  2:43  Probe (Chrono Boost)  
  31  2:44  Stalker  
  31  2:49  Probe (Chrono Boost)  
  34  2:54  Probe (Chrono Boost)  
  35  3:00  Probe (Chrono Boost)  
  35  3:04  Probe (Chrono Boost)  
  37  3:10  Probe (Chrono Boost)  
  36  3:15  Probe (Chrono Boost)  
  36  3:21  Probe (Chrono Boost)  
  36  3:26  Probe (Chrono Boost)  
  37  3:30  Stalker  
  37  3:32  Probe (Chrono Boost)  
  40  3:37  Probe (Chrono Boost)  
  40  3:41  Blink (Chrono Boost)  
  39  3:42  Probe (Chrono Boost)  
  40  3:49  Probe (Chrono Boost)  
  40  3:51  Pylon  
  40  3:55  Probe (Chrono Boost), Nexus  
  43  4:03  Probe (Chrono Boost), Pylon  
  43  4:05  Probe (Chrono Boost)  
  46  4:15  Robotics Facility  
  46  4:21  Gateway  
  44  4:25  Stalker  
  44  4:28  Gateway  
  44  4:29  Gateway  
  46  4:32  Gateway  
  46  4:34  Probe  
  46  4:36  Probe  
  48  4:41  Assimilator x2  
  48  4:45  Probe  
  48  4:51  Stalker  
  48  4:52  Probe, Pylon  
  52  4:56  Probe  
  53  5:05  Probe  
  54  5:09  Probe, Observer (Chrono Boost)  
  54  5:12  Probe  
  57  5:17  Probe  
  57  5:19  Probe, Forge  
  58  5:23  Probe  
  60  5:29  Probe, Warp Prism (Chrono Boost)  
  60  5:30  Probe  
  60  5:33  Probe  
  65  5:37  Stalker x3  
  65  5:41  Probe x2  
  73  5:44  Probe  
  72  5:51  Probe  
  72  5:53  Probe  
  72  5:54  Probe  
  75  5:57  Stalker  
  75  6:02  Probe  
  76  6:05  Probe, Protoss Ground Weapons Level 1  
  77  6:16  Pylon  
  77  6:20  Charge  
  77  6:22  Assimilator  
  77  6:25  Pylon  
  77  6:26  Assimilator  
  77  6:27  Dark Shrine  
  77  6:35  Probe (Chrono Boost)  
  77  6:36  Probe x2 (Chrono Boost)  
  84  6:42  Pylon  
  84  6:43  Observer (Chrono Boost)  
  84  6:44  Pylon  
  84  6:45  Probe  
  82  6:48  Probe x2  
  84  6:56  Probe  
  84  6:57  Sentry  
  84  6:58  Adept x2  
  84  6:59  Adept  
  84  7:00  Probe x2  
  84  7:01  Adept  
  97  7:06  Probe, Immortal (Chrono Boost)  
  102  7:09  Pylon x2  
  102  7:13  Probe x2  
  103  7:27  Stalker x5  
  110  7:46  Probe  
  110  7:48  Probe, Immortal (Chrono Boost)  
  116  7:52  Gateway  
  116  7:53  Gateway  
  116  7:54  Gateway  
  116  7:55  Gateway  
  116  7:58  Templar Archives  
  116  8:03  Protoss Ground Weapons Level 2  
  116  8:05  Dark Templar x4  
  124  8:07  Photon Cannon  
  124  8:08  Photon Cannon  
  124  8:10  Photon Cannon  
  118  8:22  Immortal (Chrono Boost)  
  118  8:27  Photon Cannon  
  118  8:35  Stalker  
  120  8:41  Nexus  
  120  8:44  Pylon  
  120  8:55  High Templar x2  
  124  8:59  Photon Cannon  
  124  9:01  Pylon  
  124  9:02  Pylon  
  126  9:03  Immortal (Chrono Boost)  
  122  9:28  Stalker x8  
  122  9:29  Stalker  
  122  9:31  Archon  
  138  9:37  Immortal (Chrono Boost)  
  142  9:48  Photon Cannon  
  142  9:52  Robotics Facility  
  140  9:53  Robotics Bay  
  140  10:06  High Templar  
  140  10:07  Zealot x6, High Templar  
  144  10:08  Zealot  
  144  10:12  Pylon  
  144  10:14  Pylon  
  158  10:16  Pylon  
  158  10:21  Pylon, Archon  
  158  10:23  Pylon  
  158  10:24  Warp Prism (Chrono Boost)  
  160  10:35  Zealot x5  
  158  10:54  Zealot x4  
  144  11:06  Zealot x5  
  144  11:08  Disruptor (Chrono Boost)  
  152  11:12  Disruptor (Chrono Boost)  
  106  11:37  Zealot x9  
Tags
 
Add a new tag
Caveats
  • Supply blocks, unpowered buildings, or Contaminate may cause inaccurate times.
  • Supply counts are checked every 10 seconds.